cohdb
Replays
Latest Replays
All Replays
Popular Replays
Top Player Replays
Match Explorer
How It Works
Community
CoH3 Stats
Reddit
Sign in to upload your games and track your stats! →
Sign in with Steam
Match 36570194
Unlisted
Match 36570194
Overview
Messages
Build Orders
End
Kettenkrad Recon Vehicle
Construct Infanterie Kompanie
Grenadier Squad
Selects Mechanized Battlegroup
MG 42 Machine Gun Team
MG 42 Machine Gun Team
Construct Luftwaffe Kompanie
Jäger Squad
Medical Bunker
Selects Mobile Repair Stations
Jäger Squad
Jäger Squad
Jäger Squad
Luftwaffe Officer Quarters
Pioneer Squad
Selects Wespe Self-propelled Artillery
Wespe Self-propelled Artillery
Wespe Self-propelled Artillery
Selects Raid Package
Jäger Squad
Wespe Self-propelled Artillery
Selects 8 Rad Armored Car
Selects UNKNOWN (2160084)
AI Takeover
Kai-shek Logistics
Wanton_Endangerment999
Cheeki Bяeeki
vincent
I SikhWarrior I
BlackJackKing
YangXYZ
⚅ Knightz
0
0
Comments
sign in to comment!
No comments posted yet!